 Dungeon Crawl Stone Soup version 0.17.0-28-g6e173f8 (webtiles) character file.

42 root the Gusty (level 3, 0/19 HPs)
             Began as a Tengu Air Elementalist on Nov 28, 2015.
             Succumbed to an adder's poison
             ... on level 3 of the Dungeon.
             The game lasted 00:09:25 (2506 turns).

root the Gusty (Tengu Air Elementalist)             Turns: 2506, Time: 00:09:25

Health: 0/19       AC:  2    Str:  8    XL:     3   Next: 56%
Magic:  0/7        EV: 13    Int: 16    God:
Gold:   161        SH:  0    Dex: 14    Spells: 2 memorised, 2 levels left

rFire  . . .     SeeInvis .     (no weapon)
rCold  . . .     Clarity  .     a - +0 robe
rNeg   . . .     SustAt   .     (no shield)
rPois  .         Gourm    .     (helmet restricted)
rElec  .         Spirit   .     (no cloak)
rCorr  .         Warding  .     (no gloves)
rMut   .         Stasis   .     (boots unavailable)
MR     .....                    (no amulet)
Stlth  ++........               (no ring)
                                (no ring)

@: lethally poisoned (0 -> -3), very slightly contaminated, not resistant to
hostile enchantments, unstealthy
A: beak, talons 3
a: no special abilities


You were on level 3 of the Dungeon.
You were very hungry.

You visited 1 branch of the dungeon, and saw 3 of its levels.

You collected 161 gold pieces.

Inventory:

Armour
 a - a +0 robe (worn)
Wands
 o - a wand of confusion (23)
Scrolls
 e - 4 scrolls of identify {unknown}
 i - a scroll of recharging {unknown}
 j - 2 scrolls of blinking {unknown}
 k - 2 scrolls of teleportation {unknown}
 l - a scroll of magic mapping {unknown}
 m - a scroll of amnesia {unknown}
Potions
 f - a potion of heal wounds {unknown}
 h - 4 potions of curing {unknown}
 n - a potion of might {unknown}
 p - a potion of resistance {unknown}
Books
 b - a book of Air

   Spells                             Type                      Level
   a - Shock                          Conjuration/Air              1
   b - Swiftness                      Charms/Air                   2
   c - Repel Missiles                 Charms/Air                   2
   d - Static Discharge               Conjuration/Air              3
   e - Lightning Bolt                 Conjuration/Air              5
Comestibles
 c - 3 bread rations
 d - 3 meat rations


   Skills:
 + Level 2.9 Dodging
 - Level 2.0 Stealth
 + Level 2.3 Spellcasting
 + Level 1.8 Conjurations
 + Level 4.8 Air Magic


You had 2 spell levels left.
You knew the following spells:

 Your Spells              Type           Power        Failure   Level  Hunger
a - Shock                 Conj/Air       ##..         8%          1    #......
b - Static Discharge      Conj/Air       ##......     17%         3    ###....


Dungeon Overview and Level Annotations

Branches:
Dungeon (3/15)

Altars:

Annotations:
D:3 attackplan's ghost, amateur HOGl


Innate Abilities, Weirdness & Mutations

You have a beak for a mouth.
You have claws for feet.


Message History

You hit the adder but do no damage.
The adder is moderately wounded.
The adder bites you.
* * * LOW HITPOINT WARNING * * *
You don't have the energy to cast that spell.
Unknown command.
You don't have the energy to cast that spell.
Eat which item? (? for menu, Esc to quit)
You are feeling very hungry.
The adder bites you.
* * * LOW HITPOINT WARNING * * *
Mmmm...
Yummy orange.
Casting: Shock
Confirm with . or Enter, or press ? or * to list all spells.
Aiming: Shock
Press: ? - help, Shift-Dir - straight line, f/p - adder
Aim: an adder (moderately wounded)
The zap hits the adder.
The adder is heavily wounded.
You die...

### #.#
########.######
...............
#.S.# ###@# #
#.###.### ...
#........
.....####.###.###
..........# .#
####.###..# #.#
#. ..........#
#.# #.#
####.###..# #.###
#.# #..# #.#.#
#.#


You could see an adder.

Vanquished Creatures
  An adder (D:3)
  A giant gecko (D:1)
  An orc (D:3)
  2 bats
  A giant cockroach (D:1)
  2 hobgoblins (D:1)
  5 jackals (D:1)
  A quokka (D:2)
  A ball python (D:1)
  6 goblins
  4 kobolds
  7 rats
32 creatures vanquished.

Notes
Turn   | Place    | Note
--------------------------------------------------------------
     0 | D:1      | root the Tengu Air Elementalist began the quest for the Orb.
     0 | D:1      | Reached XP level 1. HP: 10/10 MP: 4/4
     2 | D:1      | Noticed a formicid
     2 | D:1      | Noticed a troll
     4 | D:1      | Noticed a draconian
     4 | D:1      | Noticed a naga
     6 | D:1      | Noticed a demonspawn
     6 | D:1      | Noticed a tengu
     8 | D:1      | Noticed a demigod
    10 | D:1      | Noticed a vampire
    10 | D:1      | Noticed an octopode
    12 | D:1      | Noticed a spriggan
    12 | D:1      | Noticed a vine stalker
    14 | D:1      | Noticed a human
    14 | D:1      | Noticed a gargoyle
    16 | D:1      | Noticed a centaur
    18 | D:1      | Noticed a dwarf
    20 | D:1      | Noticed a minotaur
    20 | D:1      | Noticed a merfolk
    22 | D:1      | Noticed an elf
    24 | D:1      | Noticed an ogre
    26 | D:1      | Noticed a ghoul
    26 | D:1      | Noticed a felid
   352 | D:1      | Reached XP level 2. HP: 15/15 MP: 1/6
   945 | D:1      | Reached XP level 3. HP: 19/19 MP: 1/7
  2248 | D:3      | Noticed attackplan's ghost (amateur HOGl)
  2262 | D:2      | Learned a level 3 spell: Static Discharge
  2506 | D:3      | Succumbed to an adder's poison

Action                   || total
-------------------------++-------
Melee: Unarmed           ||    14
 Cast: Shock             ||    82
  Eat: Chunk             ||     4
       Fruit             ||     1
